 Dungeon Crawl Stone Soup version 0.29.1-1-gd02db69 (webtiles) character file.

Game seed: 15710455411520509022

17 Timinator the Insei (level 2, 0/23 HPs)
             Began as a Demigod Transmuter on Jan 20, 2023.
             Slain by a hobgoblin (5 damage)
             ... on level 1 of the Dungeon.
             The game lasted 00:01:12 (559 turns).

Timinator the Insei (Demigod Transmuter)             Turns: 559, Time: 00:01:13

Health: 0/23       AC:  2    Str: 11    XL:     2   Next: 30%
Magic:  6/7        EV: 12    Int: 15    God:
Gold:   25         SH:  0    Dex: 14    Spells: 2/5 levels left

rFire   . . .      SeeInvis .     - Unarmed
rCold   . . .      Faith    .   (no shield)
rNeg    . . .      Spirit   .   a - +0 robe
rPois   .          Reflect  .   (helmet currently unavailable)
rElec   .          Harm     .   (no cloak)
rCorr   .          Rampage  .   (no gloves)
Will    .....                   (boots currently unavailable)
Stlth   +.........              (no amulet)
HPRegen 0.07/turn               (no ring)
MPRegen 0.10/turn               (no ring)

@: appendages (expiring)
A: horns 2, talons 2, high MP 1, forlorn, divine attributes
a: End Transformation


You were on level 1 of the Dungeon.
You had temporarily grown beastly horns and talons.
You visited 1 branch of the dungeon, and saw 1 of its levels.

You collected 25 gold pieces.

Inventory:

Armour
 a - a +0 robe (worn)
 f - a +0 ring mail
Scrolls
 c - a scroll of teleportation {unknown}
 e - a scroll of enchant armour {unknown}
Potions
 b - a potion of lignification
 d - a potion of brilliance {unknown}


   Skills:
 + Level 1.2 Fighting
 + Level 0.4 Armour
 + Level 1.9 Dodging
 + Level 2.8 Unarmed Combat
 + Level 2.0 Spellcasting
 + Level 2.0 Transmutations


You had 2 spell levels left.
You knew the following spells:

 Your Spells              Type           Power      Damage    Failure   Level
a - Beastly Appendage     Tmut           14%        N/A       10%         1
b - Wereblood             Tmut           7%         N/A       14%         2

Your spell library contained the following spells:

 Spells                   Type           Power      Damage    Failure   Level
 Spider Form              Tmut/Pois      4%         N/A       41%         3
 Ice Form                 Ice/Tmut       4%         N/A       82%         4


Dungeon Overview and Level Annotations

Branches:
Dungeon (1/15)


Innate Abilities, Weirdness & Mutations

You have temporarily grown beastly horns and talons.
You have an increased reservoir of magic. (+10% MP)
You shall have no god before yourself.
Your divine heritage dramatically boosts your attributes as you level up.


Message History

The ball python attacks as you move away!
The ball python barely misses you. The kobold hits you with a +0 club.
The ball python attacks as you move away!
The ball python bites you but does no damage.
The ball python closely misses you. The kobold attacks as you move away!
The kobold closely misses you. The ball python bites you.
The ball python closely misses you.
The ball python attacks as you move away!
The ball python bites you but does no damage.
The hobgoblin attacks as you move away! The hobgoblin misses you.
You see here a frilled lizard corpse.
The hobgoblin attacks as you move away! The hobgoblin closely misses you.
Your magical contamination has completely faded away.
Casting: Beastly Appendage (safe; 10% risk of failure)
Confirm with . or Enter, or press ? or * to list all spells.
You grow a pair of large bovine horns.
Your feet morph into talons.
The hobgoblin completely misses you.
You barely miss the hobgoblin. Your kick misses the hobgoblin.
Your transformation is almost over.
The hobgoblin hits you but does no damage.
You closely miss the hobgoblin. Your kick misses the hobgoblin.
The hobgoblin hits you.
You hit the hobgoblin. Your headbutt misses the hobgoblin.
The hobgoblin is lightly wounded.
The hobgoblin hits you.
You barely miss the hobgoblin.
The hobgoblin is lightly wounded.
The hobgoblin hits you.
* * * LOW HITPOINT WARNING * * *
You barely miss the hobgoblin. Your headbutt misses the hobgoblin.
The hobgoblin is lightly wounded.
The hobgoblin completely misses you.
You barely miss the hobgoblin. Your kick misses the hobgoblin.
The hobgoblin is lightly wounded.
The hobgoblin hits you.
* * * LOW HITPOINT WARNING * * *
You closely miss the hobgoblin.
The hobgoblin is lightly wounded.
The hobgoblin hits you.
You die...

#.............
#.............
#.............
#.............
#....[........
##...K........
##..S...#... #
########.....### #
#.....@gS.......#
#.....#########..
#.....#.......# #
#.....#.......#
###.#.#..#+#..# ... #
#...#..#_#..#..... #
#...#..###..#....# .
#...#.......#.. . ...
#...#.......#.#.###..


You could see a hobgoblin and a ball python.

Vanquished Creatures
  A dart slug (D:1)
  A bat (D:1)
  2 endoplasms (D:1)
  2 goblins (D:1)
  2 hobgoblins (D:1)
  A kobold (D:1)
  A quokka (D:1)
  A frilled lizard (D:1)
  2 rats (D:1)
13 creatures vanquished.

Notes
Turn   | Place    | Note
-------+----------+-------------------------------------------
     0 | D:1      | Timinator the Demigod Transmuter began the quest for the
                  | Orb.
     0 | D:1      | Reached XP level 1. HP: 15/15 MP: 5/5
    61 | D:1      | Reached skill level 1 in Fighting
   346 | D:1      | Reached XP level 2. HP: 23/23 MP: 4/7
   349 | D:1      | Learned a level 2 spell: Wereblood
   559 | D:1      | Slain by a hobgoblin

Illustrated notes

Levels and vault maps discovered:
D:1:      evilmike_arrival_rings, layout_rooms,
          hellmonk_ecumenical_altar_inner_sanctum

Skill      XL: |  1  2 |
---------------+-------+-----
Fighting       | 1 |  1.2
Spellcasting   | 2 |  2.0
Transmutations | 2 |  2.0
Armour         | |  0.4
Dodging        | |  1.9
Unarmed Combat | |  2.8

Action                   || total
-------------------------++-------
Melee: Unarmed           ||    35
       Headbutt          ||     6
       Kick              ||     5
       Punch             ||     1
 Cast: Beastly Appendage ||     5
Armor: Robe              ||    12
Dodge: Dodged            ||    29
